[Event "Titled Tuesday Blitz March 21 Late 2023"]
[White "Kurtz, Eric M"]
[Black "Jovic, Stanoje"]
[WhiteFideId "30939763"]
[BlackFideId "905020"]
[WhiteElo "2631"]
[BlackElo "2236"]
[Result "0-1"]
[Round "03"]
[TimeControl "180+2"]
[Date "2023.03.21"]
[WhiteClock "0:00:08"]
[BlackClock "0:00:10"]

1. Nf3 Nf6 2. c4 c5 3. Nc3 Nc6 4. g3 g6 5. Bg2 Bg7 6. O-O O-O 7. a3 a6 8. Rb1 Rb8 9. b4 cxb4 10. axb4 b5 11. cxb5 axb5 12. d4 d5 13. Ne5 Qd6 14. Bf4 g5 15. Nxc6 gxf4 16. Nxb8 fxg3 17. hxg3 Bf5 18. Rc1 Rxb8 19. Qd2 e6 20. Qf4 Qxf4 21. gxf4 Bf8 22. Na2 Ra8 23. Ra1 Bd6 24. e3 Bd3 25. Rfc1 Bc4 26. Nc3 Rxa1 27. Rxa1 Bxb4 28. Ra8+ Kg7 29. Na2 Bd2 30. Bf1 Ne4 31. Bxc4 bxc4 32. Kf1 h5 33. Ke2 h4 34. f3 h3 35. Kf1 h2 36. Kg2 Nf2 37. Kxh2 Bxe3 38. Kg2 Bxd4 39. Nb4 Nd3 40. Nc6 Nxf4+ 41. Kg3 Be3 42. Ra7 c3 43. Ne5 c2 44. Rxf7+ Kg8 45. Rc7 c1=Q 46. Rxc1 Bxc1 47. Kg4 Ne2 48. Nc6 Kf7 49. Nd8+ Ke7 50. Nc6+ Kd6 51. Nb4 Bd2 52. Nd3 e5 53. Nf2 Bf4 54. Nd3 d4 55. Kf5 Kd5 56. Nb4+ Kc4 57. Nc6 d3 58. Na5+ Kc3 59. Ke4 d2 60. Nb3 Kxb3 0-1


[Site "https://www.chess.com"]

[Event "Titled Tuesday Blitz March 21 Late 2023"]
[White "Kakabayev, Mergen"]
[Black "marik_spb"]
[WhiteFideId "14002990"]
[WhiteElo "2259"]
[BlackElo "2425"]
[Result "1-0"]
[Round "03"]
[TimeControl "180+2"]
[Date "2023.03.21"]
[WhiteClock "0:02:07"]
[BlackClock "0:00:03"]

1. e4 c6 2. d4 d5 3. e5 Bf5 4. h4 h5 5. Bd3 Bxd3 6. Qxd3 Qa5+ 7. Nd2 e6 8. Nf3 Ne7 9. O-O Nf5 10. c4 Nd7 11. a4 Be7 12. b3 Nxh4 13. Nxh4 Bxh4 14. Ba3 Be7 15. Bxe7 Kxe7 16. f4 h4 17. f5 Rh6 18. fxe6 fxe6 19. b4 Qb6 20. c5 Qa6 21. b5 Qa5 22. Nf3 h3 23. Ng5 h2+ 24. Kh1 Rf8 25. Rxf8 Nxf8 26. Rf1 Qxa4 27. Qf3 Nd7 28. Qf7+ Kd8 29. Qxg7 Qxb5 30. Rf8+ Nxf8 31. Qxf8+ Kd7 32. Qxh6 Qf1+ 33. Kxh2 Qf4+ 34. Kh3 Qf5+ 35. Kg3 Qd3+ 36. Kh2 Qf5 37. Qg7+ Kd8 38. Nf7+ Ke7 39. Nd6+ 1-0


[Site "https://www.chess.com"]

[Event "Titled Tuesday Blitz March 21 Late 2023"]
[White "Foerster-Yialamas, Lucas"]
[Black "Tregubov, Pavel V."]
[WhiteFideId "30901774"]
[BlackFideId "4115341"]
[WhiteElo "2067"]
[BlackElo "2425"]
[Result "0-1"]
[Round "03"]
[TimeControl "180+2"]
[Date "2023.03.21"]
[WhiteClock "0:00:05"]
[BlackClock "0:00:17"]

1. e4 c5 2. Nf3 e6 3. d4 cxd4 4. Nxd4 Nf6 5. Nc3 Nc6 6. a3 d5 7. Nxc6 bxc6 8. exd5 cxd5 9. Bg5 Be7 10. Bb5+ Bd7 11. Qd3 O-O 12. O-O Rb8 13. a4 Ng4 14. Bxe7 Qxe7 15. Rfe1 Qh4 16. Qg3 Qxg3 17. hxg3 Rfd8 18. f4 a6 19. Bxd7 Rxd7 20. b3 Rc7 21. Ne2 Rxc2 22. Nd4 Rd2 23. Rad1 Rxd1 24. Rxd1 Rc8 25. b4 Ne3 26. Rb1 Kf8 27. b5 axb5 28. axb5 Ke7 29. Kf2 Nc2 30. Rc1 Nxd4 31. Rxc8 Nxb5 32. Ke3 h5 33. Rc5 Nd6 34. Rc7+ Kf6 35. Kf3 g5 36. g4 hxg4+ 37. Kxg4 gxf4 38. Kxf4 e5+ 39. Kf3 Kf5 40. g4+ Ke6 41. Ra7 d4 42. Ra5 f6 43. Rc5 f5 44. gxf5+ Kxf5 45. Ra5 Nc4 46. Rc5 Nd2+ 47. Ke2 Ne4 48. Ra5 Kf4 49. Kd3 Nf2+ 50. Ke2 Ng4 51. Kd3 Nf2+ 52. Ke2 Nh3 53. Kd3 Ng1 54. Ra8 Nf3 55. Rf8+ Kg4 56. Rg8+ Ng5 57. Rf8 Ne6 58. Rg8+ Kf5 59. Rg1 Nf4+ 60. Kc4 Ke4 61. Re1+ Kf5 62. Rf1 d3 63. Kc3 e4 64. Kd2 Ke5 65. Ke3 Nd5+ 66. Kd2 Kd4 67. Rh1 e3+ 68. Ke1 d2+ 69. Kd1 Nc3+ 70. Kc2 d1=Q+ 71. Rxd1+ Nxd1 72. Kxd1 Kd3 0-1


[Site "https://www.chess.com"]

[Event "Titled Tuesday Blitz March 21 Late 2023"]
[White "Kovalevsky, Stanislav"]
[Black "Alex_Sahakyan2006"]
[WhiteFideId "13508598"]
[WhiteElo "2174"]
[BlackElo "2623"]
[Result "0-1"]
[Round "03"]
[TimeControl "180+2"]
[Date "2023.03.21"]
[WhiteClock "0:00:19"]
[BlackClock "0:01:03"]

1. c4 e6 2. e4 e5 3. Nc3 Nc6 4. g3 Bc5 5. Bg2 d6 6. Nge2 f5 7. d3 Nf6 8. Bg5 Bxf2+ 9. Kd2 h6 10. Bxf6 Qxf6 11. Nd5 Qd8 12. Rf1 Bb6 13. exf5 Qg5+ 14. Kc3 Bxf5 15. b4 O-O 16. h4 Bd4+ 17. Kb3 Qg6 18. b5 Kh7 19. Rxf5 Rxf5 20. bxc6 bxc6 21. Ne7 Rb8+ 22. Kc2 Rb2+ 23. Kc1 Rf2 24. Nxg6 Rfxe2 25. Qxe2 Rxe2 26. Be4 Bxa1 27. Ne7+ Kh8 28. Nxc6 Bd4 29. Nxd4 exd4 30. a4 a5 31. g4 g5 32. h5 Kg7 33. Kd1 Rxe4 34. dxe4 Kf7 35. Ke2 Ke6 36. Kd2 Ke5 37. Kd3 c5 38. Ke2 Kxe4 39. Kd2 Kf4 40. Kd3 Kxg4 41. Ke4 Kxh5 42. Kd5 d3 43. Kxd6 d2 44. Kc6 d1=Q 45. Kb5 Qb3+ 46. Kxa5 Qb4+ 47. Ka6 Qxa4+ 48. Kb6 Qb4+ 49. Ka6 Qxc4+ 50. Ka7 Qb4 51. Ka6 c4 52. Ka7 c3 53. Ka8 c2 0-1


[Site "https://www.chess.com"]

[Event "Titled Tuesday Blitz March 21 Late 2023"]
[White "Gontcharov, Vladislav"]
[Black "Castellanos Gomez, Alejandro"]
[WhiteFideId "4123492"]
[BlackFideId "22284141"]
[WhiteElo "2470"]
[BlackElo "2158"]
[Result "1-0"]
[Round "03"]
[TimeControl "180+2"]
[Date "2023.03.21"]
[WhiteClock "0:00:17"]
[BlackClock "0:00:05"]

1. e4 e6 2. d4 d5 3. Nd2 c5 4. exd5 Qxd5 5. Ngf3 cxd4 6. Bc4 Qd8 7. O-O Nc6 8. Nb3 Nf6 9. Nbxd4 Nxd4 10. Nxd4 a6 11. Re1 Bd6 12. Bg5 Bxh2+ 13. Kxh2 Qc7+ 14. Kg1 Qxc4 15. Bxf6 gxf6 16. c3 Bd7 17. Qf3 O-O-O 18. Qxf6 Rhf8 19. Re5 Kb8 20. Re3 Bc8 21. b3 Qc7 22. Rae1 Rd5 23. Nxe6 Bxe6 24. Rxe6 Rh5 25. Re8+ Rxe8 26. Rxe8+ Ka7 27. Qd4+ Qc5 28. Qxc5+ Rxc5 29. c4 Kb6 30. Re7 Rf5 31. f3 h5 32. Kf2 Kc6 33. g3 b5 34. cxb5+ Kxb5 35. f4 h4 36. Kf3 hxg3 37. Kxg3 Kb4 38. Re4+ Kc3 39. Re2 Rf6 40. Kg4 Rd6 41. f5 Kd3 42. Re5 Kd4 43. Ra5 f6 44. Kh5 Ke4 45. Kg6 Rb6 46. Rc5 Kd4 47. Rc7 Kd3 48. Re7 Kc2 49. Re6 Rb8 50. Rxa6 Rg8+ 51. Kxf6 Rg3 52. Kf7 Re3 53. f6 Kb2 54. Kg7 Rd3 55. f7 Rg3+ 56. Rg6 1-0


[Site "https://www.chess.com"]

[Event "Titled Tuesday Blitz March 21 Late 2023"]
[White "Szente Varga, Fruzsina"]
[Black "Volkov, Maksim"]
[WhiteFideId "712264"]
[BlackFideId "54123070"]
[WhiteElo "1994"]
[BlackElo "2312"]
[Result "0-1"]
[Round "03"]
[TimeControl "180+2"]
[Date "2023.03.21"]
[WhiteClock "0:00:10"]
[BlackClock "0:01:12"]

1. e4 c5 2. f3 Nc6 3. Bb5 g6 4. Ne2 Bg7 5. O-O d6 6. c3 e5 7. Kh1 Ne7 8. d4 cxd4 9. cxd4 Qb6 10. Bxc6+ Nxc6 11. dxe5 dxe5 12. Qd6 Be6 13. Nbc3 Rd8 14. Qa3 Nb4 15. Bg5 f6 16. Be3 Qxe3 17. Qxb4 Qb6 18. Qa3 Bf8 19. Qa4+ Kf7 20. Rad1 Bc5 21. b3 Rxd1 22. Rxd1 Rd8 23. Rxd8 Qxd8 24. Qb5 Bb6 25. h3 Qd2 26. a4 Qd7 27. Qb4 Qe7 28. Qb5 Qc5 29. Qd3 Bxb3 30. Qd7+ Qe7 31. Qb5 Be6 32. Nd5 Qd7 33. Nxb6 Qxb5 34. axb5 axb6 35. Nc3 Bc4 36. Kg1 Ke6 37. Kf2 Kd6 38. Ke3 Kc5 39. Kd2 Bxb5 40. Nd5 f5 41. Nf6 h6 42. exf5 gxf5 43. Ng8 h5 44. Nf6 h4 45. Ke3 Kd6 46. Ng8 Ke6 47. Nh6 Kf6 48. f4 e4 49. Ng8+ Kf7 50. Nh6+ Kg6 51. Ng8 Kf7 52. Nh6+ Ke6 53. Kd4 Bf1 54. g4 hxg3 55. Ke3 Bxh3 0-1


[Site "https://www.chess.com"]

[Event "Titled Tuesday Blitz March 21 Late 2023"]
[White "Srinath, Rao S.V."]
[Black "ArturoCaceres"]
[WhiteFideId "5028876"]
[WhiteElo "2196"]
[BlackElo "2400"]
[Result "1-0"]
[Round "03"]
[TimeControl "180+2"]
[Date "2023.03.21"]
[WhiteClock "0:00:15"]
[BlackClock "0:00:03"]

1. d4 Nf6 2. Nc3 d5 3. Bf4 a6 4. e3 e6 5. g4 Bb4 6. f3 c5 7. Ne2 cxd4 8. exd4 Nc6 9. Qd3 Bd6 10. O-O-O Bxf4+ 11. Nxf4 Qd6 12. Qe3 h6 13. h4 Bd7 14. Bg2 O-O-O 15. g5 Ng8 16. g6 Nge7 17. gxf7 Nf5 18. Qd2 Rhf8 19. Nce2 Rxf7 20. Ng6 Kb8 21. f4 Rc8 22. Ne5 Nxe5 23. fxe5 Qc6 24. Kb1 Qb6 25. Nc1 Rc4 26. c3 a5 27. Bf1 Rc8 28. Nd3 Ng3 29. Bg2 Nxh1 30. Rxh1 Rcf8 31. Nc5 Bc8 32. Bh3 Rf2 33. Qc1 R8f3 34. Bg4 Rg3 35. Bh3 Re3 36. Na4 Qb5 37. Qxe3 Rf7 38. Nc5 Qc6 39. Rf1 b6 40. Rxf7 bxc5 41. dxc5 Qe8 42. Qf2 Qb5 43. Bf1 Qa4 44. b3 Qe4+ 45. Kb2 a4 46. c6 a3+ 47. Kxa3 Qb1 48. Qa7# 1-0


[Site "https://www.chess.com"]

[Event "Titled Tuesday Blitz March 21 Late 2023"]
[White "Kaganskiy, Gleb"]
[Black "Brodowski, Piotr"]
[WhiteFideId "4132025"]
[BlackFideId "1124480"]
[WhiteElo "2165"]
[BlackElo "2351"]
[Result "0-1"]
[Round "03"]
[TimeControl "180+2"]
[Date "2023.03.21"]
[WhiteClock "0:01:48"]
[BlackClock "0:02:13"]

1. d4 Nf6 2. Nf3 c5 3. e3 g6 4. Bd3 Bg7 5. b3 cxd4 6. exd4 d5 7. Bb2 O-O 8. O-O Nc6 9. Re1 Ne8 10. Ne5 Nd6 11. c4 dxc4 12. bxc4 Bf5 13. d5 Qb6 14. Bc3 Nxe5 15. Bxe5 Bxe5 16. Rxe5 Qd4 0-1


[Site "https://www.chess.com"]

[Event "Titled Tuesday Blitz March 21 Late 2023"]
[White "Zhurbinsky, David"]
[Black "drdaro"]
[WhiteFideId "2072904"]
[WhiteElo "2612"]
[BlackElo "2384"]
[Result "1-0"]
[Round "03"]
[TimeControl "180+2"]
[Date "2023.03.21"]
[WhiteClock "0:00:09"]
[BlackClock "0:00:37"]

1. e4 g6 2. d4 Nf6 3. e5 Nh5 4. Nc3 d6 5. exd6 cxd6 6. Bc4 Bg7 7. Nf3 O-O 8. h3 Nc6 9. Be3 a6 10. a3 b5 11. Ba2 Bb7 12. Qd2 b4 13. axb4 Nxb4 14. Bb3 Nf6 15. Qe2 a5 16. O-O-O Bc6 17. d5 a4 18. Bc4 Bd7 19. Bd4 a3 20. bxa3 Rxa3 21. Kb2 Qa5 22. Ra1 Ra8 23. Rab1 Nfxd5 24. Bxg7 Kxg7 25. Nxd5 Nxd5 26. Bxd5 Qxd5 27. Kc1 Bf5 28. Qd2 Qc5 29. Qd4+ Qxd4 30. Nxd4 Be4 31. f3 Bd5 32. Kd2 R8a4 33. Nb5 Ra2 34. Nc3 Ra5 35. Nxa2 Rxa2 36. Ra1 Rb2 37. Rhb1 Rxb1 38. Rxb1 Be6 39. g4 Kf6 40. Ke3 Ke5 41. f4+ Kd5 42. Kd3 h5 43. f5 gxf5 44. gxh5 f4 45. h6 Bxh3 46. Rh1 Bf5+ 47. Ke2 Bh7 48. Kf3 e5 49. Ke2 Ke4 50. Ra1 Kf5 51. Rg1 e4 52. Rg7 Bg6 53. h7 Bxh7 54. Rxh7 d5 55. Rxf7+ Ke5 56. c3 Ke6 57. Rxf4 Ke5 58. Rh4 d4 59. cxd4+ Kxd4 60. Kd2 Kd5 61. Ke3 Ke5 62. Rxe4+ Kf5 63. Rb4 1-0


[Site "https://www.chess.com"]

[Event "Titled Tuesday Blitz March 21 Late 2023"]
[White "Petukhov, Dmitry"]
[Black "Mustafayev, Farid"]
[WhiteFideId "4142748"]
[BlackFideId "13408771"]
[WhiteElo "2311"]
[BlackElo "2269"]
[Result "0-1"]
[Round "03"]
[TimeControl "180+2"]
[Date "2023.03.21"]
[WhiteClock "0:00:35"]
[BlackClock "0:00:49"]

1. e4 c5 2. c3 g6 3. h4 d5 4. exd5 Qxd5 5. d4 Bg7 6. Be3 cxd4 7. cxd4 Nf6 8. Nc3 Qd8 9. Bb5+ Nbd7 10. Nf3 O-O 11. Qd2 a6 12. Be2 b5 13. h5 b4 14. Nd1 Ne4 15. Qd3 Ndf6 16. hxg6 hxg6 17. Ne5 Bf5 18. Qb3 Qd6 19. g4 Be6 20. Qd3 Bd5 21. g5 Nd7 22. Bf3 Nxe5 23. dxe5 Qxe5 24. Qe2 Nxg5 25. Bxg5 Qxg5 26. Ne3 Bxf3 27. Qxf3 Rfd8 28. Rd1 Bxb2 29. Rxd8+ Rxd8 30. Qe2 Bc3+ 31. Kf1 Qb5 32. Qxb5 axb5 33. Ke2 Rd2+ 34. Kf3 Rxa2 35. Rd1 e6 36. Rd8+ Kg7 37. Rb8 b3 38. Rxb5 b2 39. Nc4 Ra1 40. Rb3 b1=Q 0-1


[Site "https://www.chess.com"]

[Event "Titled Tuesday Blitz March 21 Late 2023"]
[White "Lamard, Guillaume"]
[Black "Hindermann, Felix"]
[WhiteFideId "600261"]
[BlackFideId "1305212"]
[WhiteElo "2413"]
[BlackElo "2206"]
[Result "1-0"]
[Round "03"]
[TimeControl "180+2"]
[Date "2023.03.21"]
[WhiteClock "0:00:05"]
[BlackClock "0:00:12"]

1. d4 e6 2. Nf3 b6 3. Bf4 Bb7 4. e3 f5 5. Be2 Nf6 6. h3 g6 7. c4 Bg7 8. Nc3 O-O 9. O-O d6 10. Bh2 Nbd7 11. Rc1 Qe7 12. b4 a5 13. b5 e5 14. c5 dxc5 15. dxe5 Ne4 16. Nd5 Bxd5 17. Qxd5+ Kh8 18. e6 Ndf6 19. Qc6 Rac8 20. Rfd1 Rfe8 21. Bc4 Bh6 22. Ne5 Nxf2 23. Rd7 Nxd7 24. exd7 Bxe3 25. dxc8=Q Rxc8 26. Nf7+ Kg7 27. Be5+ Kf8 28. Re1 Nxh3+ 29. Kh2 Bf4+ 30. Bxf4 Qxe1 31. Kxh3 Qh1+ 32. Bh2 Re8 33. Bd5 Re3+ 34. Bf3 Qa1 35. Ng5 Kg7 36. Qd7+ Kh6 37. Qxh7+ Kxg5 38. Qh4# 1-0


[Site "https://www.chess.com"]

[Event "Titled Tuesday Blitz March 21 Late 2023"]
[White "Krallis, Christos"]
[Black "Mayaud, Raphael"]
[WhiteFideId "4298896"]
[BlackFideId "627151"]
[WhiteElo "2243"]
[BlackElo "2191"]
[Result "1-0"]
[Round "03"]
[TimeControl "180+2"]
[Date "2023.03.21"]
[WhiteClock "0:00:17"]
[BlackClock "0:00:13"]

1. Nf3 d5 2. g3 c6 3. Bg2 Nf6 4. O-O Bf5 5. c4 e6 6. d3 h6 7. b3 Nbd7 8. Bb2 Be7 9. Nbd2 O-O 10. a3 Re8 11. Re1 Bh7 12. Qc2 a5 13. Bc3 b5 14. cxb5 cxb5 15. Qb2 b4 16. axb4 Bxb4 17. Nd4 Qb6 18. Nc2 Rec8 19. Nxb4 axb4 20. Bd4 Qb5 21. h3 Bg6 22. f4 Qb7 23. Nf3 Rxa1 24. Rxa1 Ra8 25. Rc1 Rc8 26. Nh4 Bh7 27. g4 Ne8 28. Nf3 Rxc1+ 29. Qxc1 Qc7 30. Qxc7 Nxc7 31. Ne5 Nxe5 32. fxe5 Na6 33. Kf2 Kf8 34. e4 dxe4 35. dxe4 Ke8 36. Bf1 Nc7 37. Ke3 Kd7 38. Bc5 Kc6 39. Bxb4 f6 40. Bf8 fxe5 41. Bxg7 h5 42. gxh5 Ne8 43. Bxe5 Nd6 44. Bxd6 Kxd6 45. b4 1-0


[Site "https://www.chess.com"]

[Event "Titled Tuesday Blitz March 21 Late 2023"]
[White "Bhavikatti, Neil"]
[Black "Sivakumar, Shaaketh"]
[WhiteFideId "30935024"]
[BlackFideId "30940176"]
[WhiteElo "2357"]
[BlackElo "2174"]
[Result "0-1"]
[Round "03"]
[TimeControl "180+2"]
[Date "2023.03.21"]
[WhiteClock "0:00:13"]
[BlackClock "0:00:23"]

1. d4 e6 2. c4 b6 3. Nc3 Bb7 4. a3 f5 5. Nf3 Nf6 6. g3 g6 7. Bg2 Bg7 8. O-O O-O 9. d5 Na6 10. dxe6 dxe6 11. Nd4 Bxg2 12. Kxg2 Qe7 13. Nc6 Qc5 14. Qa4 Nb8 15. Nxb8 Rfxb8 16. Be3 Qe7 17. Bg5 c5 18. Rad1 Rd8 19. Qc6 Rac8 20. Rxd8+ Rxd8 21. Rd1 Rxd1 22. Nxd1 h6 23. Bxf6 Bxf6 24. Nc3 Bxc3 25. bxc3 Kf7 26. e3 g5 27. h3 h5 28. a4 h4 29. e4 hxg3 30. fxg3 f4 31. e5 fxg3 32. Kxg3 Kg6 33. Qe4+ Kh6 34. Qc6 Qf7 35. Kg2 Qf5 36. Qd6 Qe4+ 37. Kg1 Qe3+ 38. Kg2 Qe2+ 39. Kg3 Qe1+ 40. Kg2 Qe4+ 41. Kg3 Qf5 42. Kg2 Kh5 43. Qe7 Qe4+ 44. Kg1 Qe3+ 45. Kg2 Qe2+ 46. Kg1 Qd1+ 47. Kg2 Qc2+ 48. Kg1 Qf5 49. Kg2 Kh4 50. Qg7 Qxh3+ 51. Kf2 Qg3+ 52. Ke2 Qxc3 53. Qh6+ Kg4 54. Qxe6+ Kf4 55. Qf6+ Ke4 56. Qg6+ Kd4 57. e6 Qe3+ 58. Kf1 Kxc4 59. Qf7 Qh3+ 60. Ke1 Kd3 61. e7 Qh1+ 62. Kf2 Qh2+ 63. Kf3 Qh3+ 64. Kf2 Qh4+ 65. Kf3 g4+ 66. Kf4 g3+ 67. Ke5 g2 68. e8=Q Qe1+ 69. Kd6 Qxe8 70. Qxe8 g1=Q 71. Qb5+ c4 72. Kc6 Qc5+ 73. Qxc5 bxc5 74. Kxc5 c3 75. Kb5 c2 76. Ka6 c1=Q 77. Kxa7 Qa3 78. a5 Qxa5+ 79. Kb7 Qd5+ 80. Kb6 Kc4 81. Ka7 Kb5 82. Kb8 Qf7 83. Kc8 Kc6 84. Kb8 Qb7# 0-1


[Site "https://www.chess.com"]

[Event "Titled Tuesday Blitz March 21 Late 2023"]
[White "Fernandez Siles, Luis"]
[Black "Seemann, Jakub"]
[WhiteFideId "2209420"]
[BlackFideId "21874697"]
[WhiteElo "2186"]
[BlackElo "2364"]
[Result "0-1"]
[Round "03"]
[TimeControl "180+2"]
[Date "2023.03.21"]
[WhiteClock "0:00:10"]
[BlackClock "0:00:04"]

1. d4 Nf6 2. c4 c6 3. Nc3 d5 4. cxd5 cxd5 5. Bf4 Nc6 6. e3 e6 7. Bd3 Bd6 8. Bxd6 Qxd6 9. f4 O-O 10. Nf3 Nd7 11. Ne5 Ncxe5 12. fxe5 Qe7 13. O-O a6 14. a4 f6 15. exf6 Nxf6 16. a5 e5 17. Qb3 Qd6 18. Nxd5 Nxd5 19. e4 Be6 20. exd5 Bxd5 21. Bc4 Bxc4 22. Qxc4+ Kh8 23. dxe5 Qxe5 24. Qb4 Rfe8 25. Qxb7 Rab8 26. Qf7 Qxb2 27. h3 h6 28. Qg6 Re2 29. Rab1 Qd4+ 30. Kh1 Rbe8 31. Rb3 R2e6 32. Qg3 Qd5 33. Rbf3 Qxa5 34. Rf8+ Rxf8 35. Rxf8+ Kh7 36. Qd3+ Rg6 37. Qc4 Qe1+ 38. Kh2 Qg3+ 0-1


[Site "https://www.chess.com"]

[Event "Titled Tuesday Blitz March 21 Late 2023"]
[White "Thomforde-Toates, Noah"]
[Black "Rego, Pedro Filipe"]
[WhiteFideId "30951992"]
[BlackFideId "1904310"]
[WhiteElo "2600"]
[BlackElo "2193"]
[Result "1-0"]
[Round "03"]
[TimeControl "180+2"]
[Date "2023.03.21"]
[WhiteClock "0:01:01"]
[BlackClock "0:00:05"]

1. e4 c5 2. Nf3 d6 3. b3 e5 4. Nc3 g6 5. Bc4 Bg7 6. h4 h6 7. Ne2 Ne7 8. Ng3 Bg4 9. h5 g5 10. Be2 Nbc6 11. c3 Be6 12. Nh2 Qd7 13. Bg4 d5 14. d3 O-O-O 15. Qe2 dxe4 16. dxe4 f5 17. Nxf5 Nxf5 18. exf5 Bxf5 19. Bxf5 Qxf5 20. Qg4 Rhf8 21. Be3 b6 22. Qxf5+ Rxf5 23. Ng4 e4 24. Rc1 Rd3 25. Ke2 Ne5 26. Nxe5 Rxe5 27. c4 Re8 28. g4 Red8 29. Rhd1 Bb2 30. Rb1 Bc3 31. Rxd3 exd3+ 32. Kf3 Kc7 33. Ke4 d2 34. Rd1 Kc6 35. Kf5 Rd6 36. f4 Rf6+ 37. Ke4 Re6+ 38. Kf3 gxf4 39. Bxf4 Re1 40. Rxd2 Bxd2 41. Bxd2 Re6 42. g5 hxg5 43. Bxg5 Re8 44. h6 Rh8 45. Ke4 b5 46. Kf5 bxc4 47. bxc4 Kb6 48. Kg6 Ka5 49. Bd2+ Ka4 50. Kg7 Rd8 51. h7 Rd7+ 52. Kg6 Rd6+ 53. Kf5 Rd8 54. Bc3 a5 55. Ke4 Ka3 56. h8=Q Rxh8 57. Bxh8 Kxa2 58. Kd5 Kb3 59. Kxc5 a4 60. Kb5 a3 61. c5 a2 62. c6 1-0


[Site "https://www.chess.com"]

[Event "Titled Tuesday Blitz March 21 Late 2023"]
[White "Bogaudinov, Rushan"]
[Black "Ozates, Tuna"]
[WhiteFideId "4129288"]
[BlackFideId "6354521"]
[WhiteElo "1949"]
[BlackElo "2151"]
[Result "0-1"]
[Round "03"]
[TimeControl "180+2"]
[Date "2023.03.21"]
[WhiteClock "0:00:15"]
[BlackClock "0:01:46"]

1. e4 e5 2. Nc3 Nf6 3. g3 Bc5 4. Bg2 d6 5. h3 a6 6. Nf3 Nc6 7. O-O h6 8. d3 Be6 9. Be3 Qd7 10. Kh2 g5 11. d4 exd4 12. Nxd4 Ne5 13. Nd5 Bxd5 14. exd5 O-O-O 15. b4 Bb6 16. a4 Rdg8 17. a5 Ba7 18. c4 h5 19. c5 h4 20. c6 hxg3+ 21. fxg3 Qe7 22. cxb7+ Kxb7 23. Kg1 Neg4 24. Bf2 Nxf2 25. Rxf2 Qe3 26. Qc2 Bxd4 27. Qc6+ Kb8 28. Rf1 Qxg3 29. b5 Ng4 30. hxg4 Qh2# 0-1


[Site "https://www.chess.com"]

[Event "Titled Tuesday Blitz March 21 Late 2023"]
[White "Turayev, Shahruh"]
[Black "Pniaczek, Marek"]
[WhiteFideId "14003856"]
[BlackFideId "21800421"]
[WhiteElo "2171"]
[BlackElo "2138"]
[Result "1-0"]
[Round "03"]
[TimeControl "180+2"]
[Date "2023.03.21"]
[WhiteClock "0:01:33"]
[BlackClock "0:00:13"]

1. e4 e5 2. Nc3 Nf6 3. Bc4 Nxe4 4. Qh5 Nd6 5. Bb3 Nc6 6. Nb5 g6 7. Qf3 f5 8. Qd5 Qg5 9. d4 Qg4 10. dxe5 Qb4+ 11. Nc3 Ne7 12. Qd1 Ne4 13. Bd2 Nxd2 14. Qxd2 Bg7 15. Nf3 d6 16. exd6 Qxd6 17. Qxd6 cxd6 18. O-O-O Bd7 19. Rhe1 Bf6 20. Nd5 Rf8 21. Nc7+ Kd8 22. Nxa8 1-0


[Site "https://www.chess.com"]

[Event "Titled Tuesday Blitz March 21 Late 2023"]
[White "Rosenberg, Evan S"]
[Black "Sokac, Marko"]
[WhiteFideId "2019299"]
[BlackFideId "14531356"]
[WhiteElo "2335"]
[BlackElo "2355"]
[Result "0-1"]
[Round "03"]
[TimeControl "180+2"]
[Date "2023.03.21"]
[WhiteClock "0:00:05"]
[BlackClock "0:01:50"]

1. d4 Nf6 2. Nf3 e6 3. g3 b5 4. Bg2 Bb7 5. O-O Be7 6. Bg5 O-O 7. Qd3 Bc6 8. Nbd2 a5 9. e4 h6 10. Bxf6 Bxf6 11. e5 Be7 12. Ne4 d6 13. Rad1 Qc8 14. Qe3 Qb7 15. Rfe1 Nd7 16. Qf4 dxe5 17. Nxe5 Nxe5 18. dxe5 Rad8 19. Nf6+ Bxf6 20. Bxc6 Qxc6 21. exf6 g5 22. Qc1 Qf3 23. Rxd8 Rxd8 24. Qe3 Qxf6 25. c3 Rd5 26. a4 bxa4 27. Qe4 Rd2 28. Re2 Rxe2 29. Qxe2 Qf5 30. Kg2 Qd5+ 31. f3 Qb3 32. Qa6 Qxb2+ 33. Kh3 Qxc3 34. Qa8+ Kg7 35. g4 0-1


[Site "https://www.chess.com"]

[Event "Titled Tuesday Blitz March 21 Late 2023"]
[White "Sielecki, Christof"]
[Black "MunichMouse"]
[WhiteFideId "4620437"]
[WhiteElo "2443"]
[BlackElo "2311"]
[Result "1-0"]
[Round "03"]
[TimeControl "180+2"]
[Date "2023.03.21"]
[WhiteClock "0:00:58"]
[BlackClock "0:00:04"]

1. e4 c5 2. Nf3 d6 3. Bb5+ Bd7 4. Bxd7+ Qxd7 5. c4 e5 6. Nc3 g6 7. Rb1 Nc6 8. a3 Bg7 9. b4 b6 10. d3 h6 11. O-O Nge7 12. Nd5 Nxd5 13. cxd5 Ne7 14. bxc5 bxc5 15. Nd2 O-O 16. Nc4 Rab8 17. Bd2 f5 18. Qc2 g5 19. Rxb8 Rxb8 20. Rb1 Qd8 21. Rxb8 Qxb8 22. Qb2 Qxb2 23. Nxb2 fxe4 24. dxe4 Nc8 25. Nc4 Bf8 26. Ba5 Kf7 27. Kf1 Ke8 28. Ke2 Kd7 29. Kf3 h5 30. h3 Be7 31. Ke2 Bd8 32. Bd2 Nb6 33. Ne3 a6 34. Kd3 Ke8 35. Nf5 Nc8 36. Ng7+ Kf7 37. Nxh5 Kg6 38. Ng3 Ne7 39. Nf1 Kh5 40. g3 g4 41. hxg4+ Kxg4 42. Ke2 Ng6 43. Ne3+ 1-0


[Site "https://www.chess.com"]

[Event "Titled Tuesday Blitz March 21 Late 2023"]
[White "Bolanos, Fernando"]
[Black "Poliakova, Varvara"]
[WhiteFideId "3304094"]
[BlackFideId "13518313"]
[WhiteElo "2166"]
[BlackElo "2075"]
[Result "1-0"]
[Round "03"]
[TimeControl "180+2"]
[Date "2023.03.21"]
[WhiteClock "0:00:06"]
[BlackClock "0:00:08"]

1. e4 e5 2. Nf3 Nc6 3. Bc4 Bc5 4. O-O Nf6 5. d3 a6 6. a4 Ba7 7. c3 h6 8. Nbd2 d6 9. Re1 O-O 10. h3 Be6 11. Bxe6 fxe6 12. b4 Nh5 13. Nf1 Nf4 14. Bxf4 Rxf4 15. b5 Ne7 16. Qc2 Qf8 17. N1h2 Ng6 18. d4 exd4 19. cxd4 e5 20. Qxc7 exd4 21. b6 Rc8 22. Qxb7 Bb8 23. Rac1 Re8 24. Qxa6 Ne5 25. Nxe5 dxe5 26. b7 Rxf2 27. Rc8 Rf6 28. Qc4+ Kh7 29. Rc1 d3 30. Qxd3 Rd6 31. Qf3 Rf6 32. Qg4 Ba7+ 33. Kh1 Rf7 34. Rxe8 Qxe8 35. Qc8 Qxa4 36. b8=Q Bxb8 37. Qxb8 Qxe4 38. Qb1 Qxb1 39. Rxb1 g5 40. Re1 Re7 41. Ng4 Kg6 42. Rxe5 Ra7 43. Re6+ Kf5 44. Rf6+ Ke4 45. Rxh6 Kf4 46. Kh2 Ra2 47. Rf6+ Ke4 48. Rf2 Ra3 49. Rb2 Kf4 50. Rb4+ Kf5 51. Rb5+ Kf4 52. Nh6 Ra6 53. Ng4 Ra3 54. Rb2 Kf5 55. Rf2+ Kg6 56. Rf6+ Kg7 57. Rf3 Kg6 58. Rxa3 1-0


[Site "https://www.chess.com"]

[Event "Titled Tuesday Blitz March 21 Late 2023"]
[White "Blomqvist, Erik"]
[Black "Storn, Justin"]
[WhiteFideId "1709437"]
[BlackFideId "30922720"]
[WhiteElo "2436"]
[BlackElo "2307"]
[Result "1-0"]
[Round "03"]
[TimeControl "180+2"]
[Date "2023.03.21"]
[WhiteClock "0:00:10"]
[BlackClock "0:00:14"]

1. d4 Nf6 2. Bf4 g6 3. e3 Bg7 4. Nf3 O-O 5. Be2 c5 6. O-O d5 7. c3 b6 8. Nbd2 Bb7 9. h3 Nc6 10. Ne5 Nd7 11. Nxc6 Bxc6 12. Nf3 Re8 13. Qb3 e5 14. dxe5 Nxe5 15. Bxe5 Bxe5 16. Bb5 Bxb5 17. Qxb5 Bf6 18. Rfd1 Re6 19. Rd2 Rd6 20. Rad1 a6 21. Qb3 Qc7 22. Rxd5 Rad8 23. Rxd6 Rxd6 24. Rd5 c4 25. Qd1 Rd8 26. e4 Be7 27. Rxd8+ Qxd8 28. Qxd8+ Bxd8 29. a4 f6 30. Nd4 Kf7 31. Nc6 Bc7 32. Nb4 a5 33. Nd5 Bd8 34. Ne3 Kg7 35. Nxc4 f5 36. e5 Kf7 37. f4 Ke6 38. Kf2 Be7 39. Kf3 Bc5 40. g4 Bg1 41. b3 Bc5 42. Nb2 Kd5 43. Nd3 Bg1 44. Nb2 Bc5 45. Nc4 Bg1 46. Ne3+ Ke6 47. b4 h5 48. gxh5 gxh5 49. bxa5 bxa5 50. Nc4 Bc5 51. Nxa5 Ba3 52. Nb3 Bb2 53. c4 Bd4 54. Nxd4+ Kd7 55. Nxf5 Kc7 56. Ng3 1-0


[Site "https://www.chess.com"]